AoeStats
← Joaquito

Glade

503644518Analyzed
1v1 RM · 1mo ago on Sep 1, 2026· 41m 5s· 2 players
Game mode
Random Map
Map size
Tiny (2 player)
Population
200
Speed
Normal
Resources
Standard
Victory
Conquest
Starting age
Dark Age
Ending age
Imperial Age
RankedLock teamsTeams togetherTeam positionsShared explorationLock speedFull tech treeHidden civsTurbo modeCheats
Victory
Defeat
🇦🇷 Burgundians · Argentina
1037
+16
🇨🇱 Mapuche · Chile
1041
-44
[Mushu] Magu ARG
5:45 Loom
12:29 Feudal Age
17:16 Castle Age
16:38 Scale Barding Armor
17:30 Forging
17:31 Cavalier
19:40 Double-Bit Axe
22:39 Chain Barding Armor
22:44 Horse Collar
24:22 Heavy Plow
24:35 Bow Saw
32:17 Imperial Age
30:37 Scale Mail Armor
31:16 Iron Casting
33:00 Two-Man Saw
31:55 Gold Mining
31:55 Stone Mining
34:29 Paladin
35:54 Plate Barding Armor
36:55 Chemistry
39:48 Blast Furnace
Joaquito
5:25 Loom
12:32 Feudal Age
16:12 Castle Age
15:02 Double-Bit Axe
21:43 Horse Collar
25:14 Wheelbarrow
27:51 Hand Cart
28:37 Bow Saw
28:21 Gold Mining
32:32 Imperial Age
30:03 Fletching
30:15 Padded Archer Armor
31:53 Ballistics
31:33 Bodkin Arrow
32:52 Pikeman
34:09 Gold Shaft Mining
33:43 Scale Mail Armor
33:54 Forging
34:30 Conscription
34:25 Town Watch
Connection lost

Rejoining the realm…

Still unreachable

The connection could not be restored.

Session expired

The server has moved on; the page needs a fresh start.